 Dungeon Crawl Stone Soup version 0.17-a0-1849-g8a24fa2 (webtiles) character file.

0 Ololoev the Ducker (level 1, 0/16 HPs)
             Began as a Spriggan Abyssal Knight on Sept 18, 2015.
             Was a Follower of Lugonu.
             Slain by a quasit (1 damage)
             ... summoned by a kobold demonologist
             ... on level 3 of the Abyss.
             The game lasted 00:02:21 (221 turns).

Ololoev the Ducker (Spriggan Abyssal Knight)         Turns: 221, Time: 00:02:21

Health: 0/16       AC: 20    Str:  8    XL:     1   Next: 0%
Magic:  3/3        EV:  4    Int: 13    God:    Lugonu [*.....]
Gold:   0          SH:  0    Dex: 15    Spells: 0 memorised, 0 levels left

rFire  . . .     SeeInvis +     a - +1 spear
rCold  . . .     Clarity  .     (armour currently unavailable)
rNeg   + + +     SustAt   .     (shield restricted)
rPois  +         Gourm    .     (helmet currently unavailable)
rElec  .         Spirit   .     (cloak currently unavailable)
rCorr  .         Warding  .     (gloves unavailable)
rMut   .         NoTele   +     (boots unavailable)
MR     .....                    (no amulet)
Stlth  +.........               (no ring)
                                (no ring)

@: tree-form, not resistant to hostile enchantments, very unstealthy
A: unfitting armour, see invisible, herbivore 3, (speed 0), slow metabolism 2
a: Depart the Abyss, Renounce Religion


Innate Abilities, Weirdness & Mutations

You are tiny and cannot use many weapons and most armour.
You have supernaturally acute eyesight.
You are a herbivore.
((You cover ground extremely quickly.))
You need consume almost no food.

Inventory:

Hand weapons
 a - a +1 spear (weapon)
Armour
 b - a +0 robe (melded)
Magical devices
 f - a wand of fire (0)
Potions
 e - a potion of lignification
Comestibles
 c - a bread ration
 d - 3 fruits


   Skills:
 - Level 2.4 Fighting
 * Level 1.3 Polearms
 + Level 3.5 Dodging
 - Level 1.7 Invocations


You couldn't memorise any spells.
You didn't know any spells.


You were on level 3 of the Abyss.
You worshipped Lugonu.
Lugonu was aware of your devotion.
You were not hungry.
You were a tree.
You visited 0 branches of the dungeon, and saw 0 of its levels.
You visited the Abyss 1 time.

...##.#
#.....
.....# .
#...# ..
..## ....
## . #...
#Kx##.. .#
#..#x#...
...
#.5♣#....#
#...#4.5##
# #.
#.#..###
#.#.###.##.
###. .#...#
.. ##.#
#### .#
#... ##.
###. #... .
#
#.#..#.#..#

Notes
Turn   | Place    | Note
--------------------------------------------------------------
     0 | Abyss:1  | Ololoev the Spriggan Abyssal Knight began the quest for the Orb.
     0 | Abyss:1  | Reached XP level 1. HP: 11/11 MP: 3/3
    10 | Abyss:2  | Found a corrupted altar of Lugonu.
    35 | Abyss:2  | Noticed a wretched star
    59 | Abyss:2  | Noticed a blink frog
    60 | Abyss:2  | Noticed a blink frog
    61 | Abyss:2  | Noticed a blink frog
   105 | Abyss:3  | Noticed a wretched star
   130 | Abyss:3  | Noticed a bone dragon
   148 | Abyss:3  | Noticed a spatial vortex
   149 | Abyss:3  | Noticed a large abomination
   156 | Abyss:3  | Noticed a worldbinder
   158 | Abyss:3  | Noticed a vampire mosquito
   158 | Abyss:3  | Noticed an insubstantial wisp
   178 | Abyss:3  | Noticed a large abomination
   180 | Abyss:3  | Noticed a large abomination
   206 | Abyss:3  | Noticed a small abomination
   213 | Abyss:3  | Noticed a kobold demonologist
   216 | Abyss:3  | Noticed a quasit
   217 | Abyss:3  | Noticed a quasit
   219 | Abyss:3  | Noticed an ancient zyme
   220 | Abyss:3  | Noticed a blue devil
   221 | Abyss:3  | Slain by a quasit

Dungeon Overview and Level Annotations

Branches:
Dungeon (0/15)

Altars:


Message History

You hit the small abomination.
The small abomination is severely damaged.
The white imp hits you but does no damage.
Attack whom?
Press: ? - help, Dir - move target cursor, f/p - small abomination
Aim: a small abomination (severely damaged)
You hit the small abomination but do no damage.
The small abomination is severely damaged.
You feel yourself growing ill in the presence of the ancient zyme.
The small abomination hits you but does no damage.
The white imp disappears for a moment.
The white imp hits you. The white imp freezes you.
An ancient zyme comes into view.
Attack whom?
Press: ? - help, Dir - move target cursor, f/p - small abomination
Aim: a small abomination (severely damaged)
You hit the small abomination but do no damage.
The small abomination is severely damaged.
The small abomination barely misses you.
The white imp hits you but does no damage.
The kobold demonologist mumbles some strange words.
Attack whom?
Press: ? - help, Dir - move target cursor, f/p - small abomination
Aim: a small abomination (severely damaged)
You hit the small abomination.
The small abomination is severely damaged.
The quasit barely misses you.
The quasit claws you but does no damage. x2
The small abomination hits you. The white imp hits you.
The white imp freezes you.
The blue devil swoops through the air toward you!
The blue devil hits you but does no damage.
Attack whom?
Press: ? - help, Dir - move target cursor, f/p - small abomination
Aim: a small abomination (severely damaged)
You closely miss the small abomination.
The small abomination is severely damaged.
The quasit bites you but does no damage.
The quasit claws you.
You die...

You could see an ancient zyme, a kobold demonologist, a blue devil, a small abomination, a quasit and a white imp.

Vanquished Creatures (others)
  2 fire vortices (Abyss:3)
2 creatures vanquished.

Action                   || total
-------------------------++-------
Melee: Spear             ||     9
Evoke: Wand              ||     1
  Use: Potion            ||     1

Vault maps used:
Abyss:3:  grunt_abyss_rune_sword_and_sorcery, minivault_22,
          lemuel_flamethrower_3
